 Dungeon Crawl Stone Soup version 0.29.1-2-gbd0b4ee654 (webtiles) character file.

Game seed: 5054192505218074152

1261 warriortoast the Covert (level 8, -8/36 HPs)
             Began as a Spriggan Enchanter on Nov 18, 2022.
             Shot with an arrow by a centaur (14 damage)
             ... on level 6 of the Dungeon.
             The game lasted 00:13:13 (5151 turns).

warriortoast the Covert (Spriggan Enchanter)        Turns: 5151, Time: 00:13:13

Health: -8/36      AC:  2    Str:  6    XL:     8   Next: 27%
Magic:  15/17      EV: 20    Int: 17    God:
Gold:   285        SH:  0    Dex: 15    Spells: 10/18 levels left

rFire   . . .      SeeInvis +   a - +1 dagger
rCold   . . .      Faith    .   (no shield)
rNeg    . . .      Spirit   .   b - +0 robe
rPois   .          Reflect  .   (helmet restricted)
rElec   .          Harm     .   (no cloak)
rCorr   +          Rampage  .   (gloves unavailable)
Will    +....                   (boots unavailable)
Stlth   ++++......              (no amulet)
HPRegen 0.12/turn               l - ring of resist corrosion
MPRegen 0.15/turn               (no ring)

@: very quick
A: very small, no large weapons, unfitting armour, see invisible, speed 3
a: no special abilities


You were on level 6 of the Dungeon.
You visited 1 branch of the dungeon, and saw 6 of its levels.

You collected 285 gold pieces.

Inventory:

Hand Weapons
 a - a +1 dagger (weapon)
 e - a +0 sling
Armour
 b - a +0 robe (worn)
Jewellery
 l - a ring of resist corrosion (left hand)
 p - a ring of magical power
 y - an amulet of faith
Wands
 s - a wand of acid (11)
 u - a wand of paralysis (24)
Scrolls
 f - 2 scrolls of enchant armour {unknown}
 h - a scroll of magic mapping {unknown}
 o - 5 scrolls of identify {unknown}
 r - a scroll of fear {unknown}
 v - 2 scrolls of noise {unknown}
 w - a scroll of teleportation {unknown}
Potions
 c - 2 potions of invisibility
 d - 2 potions of heal wounds {unknown}
 g - 2 potions of berserk rage {unknown}
 i - 4 potions of flight {unknown}
 j - 4 potions of lignification {unknown}
 k - a potion of brilliance {unknown}
 m - 3 potions of haste {unknown}
 n - a potion of curing {unknown}
 q - a potion of might {unknown}
 t - a potion of ambrosia {unknown}
 x - a potion of resistance {unknown}


   Skills:
 + Level 4.8 Short Blades
 + Level 6.3 Dodging
 + Level 8.3 Stealth
 + Level 5.9 Spellcasting
 + Level 6.4 Hexes


You had 10 spell levels left.
You knew the following spells:

 Your Spells              Type           Power      Damage    Failure   Level
a - Ensorcelled Hibernat  Hex/Ice        32%        N/A       5%          2
b - Confusing Touch       Hex            27%        N/A       2%          3
c - Tukima's Dance        Hex            27%        N/A       2%          3

Your spell library contained the following spells:

 Spells                   Type           Power      Damage    Failure   Level
 Dazzling Flash           Conj/Hex       32%        N/A       11%         3
 Static Discharge         Conj/Air       5%         3-4/arc   21%         2
 Dispel Undead            Necr           5%         3d7       78%         4
 Sticky Flame             Conj/Fire      5%         2d3       78%         4


Dungeon Overview and Level Annotations

Branches:
Dungeon (6/15)
 Temple: D:4-7

Altars:
Ashenzari
Gozag
Qazlal

Shops:
D:1 ?   D:4 (


Innate Abilities, Weirdness & Mutations

You are very small and have problems with some larger weapons.
You are too small for most types of armour.
You have supernaturally acute eyesight. (SInv)
You cover ground extremely quickly. (Speed+++)


Message History

The necrophage hits you but does no damage.
You barely miss the necrophage.
The necrophage is lightly damaged.
You closely miss the necrophage.
The necrophage is lightly damaged.
The necrophage misses you.
You hit the necrophage but do no damage.
The necrophage is lightly damaged.
The necrophage hits you!
You hit the necrophage but do no damage.
The necrophage appears confused.
The necrophage is lightly damaged.
You hit the necrophage.
The necrophage is lightly damaged.
The necrophage closely misses you.
You catch the helpless necrophage completely off-guard!
You impale the necrophage!!
You destroy the necrophage!
No target in view!
No target in view!
Magic restored.
HP restored.
You see here a necrophage corpse.
Found a stone staircase leading up.
There is a stone staircase leading up here.
A centaur comes into view.
The centaur shouts!
Casting: Confusing Touch (dangerous; 2% risk of failure)
Confirm with . or Enter, or press ? or * to list all spells.
Aiming: Ensorcelled Hibernation (safe; 5% risk of failure)
Press: ? - help, Shift-Dir - straight line, f - centaur
Aim: a centaur (chance to affect: 50%)
The centaur resists with some effort.
The centaur wields a +0 shortbow.
The centaur shoots an arrow.
The arrow hits you!
The centaur shoots an arrow.
The arrow hits you!
The centaur shoots an arrow.
The arrow hits you!
* * * LOW HITPOINT WARNING * * *
There is a stone staircase leading up here.
The centaur shoots an arrow.
The arrow hits you!
You die...

#.# #.#
#######.#.########
#.c..c..#.........
#.#######....>..##
#.# #.†.........
#.# #.#...<...#
##.#####.#######.#
#.@......#
##########


You could see a centaur.

Vanquished Creatures
  Sigmund (D:3)
  A wyvern (D:4)
  An ice beast (D:4)
  3 ogres (D:5)
  A phantom (D:4)
  A kobold brigand (D:4)
  3 necrophages
  A howler monkey (D:5)
  A hound (D:5)
  Ijyb (D:5)
  Terence (D:3)
  2 iguanas (D:5)
  A gnoll (D:1)
  4 adders
  A worm (D:4)
  3 dart slugs
  4 orcs
  5 endoplasms
  2 giant cockroaches
  5 goblins
  7 hobgoblins
  3 jackals (D:1)
  8 kobolds
  3 quokkas
  6 ball pythons
  6 bats
  A frilled lizard (D:2)
  2 rats
78 creatures vanquished.

Notes
Turn   | Place    | Note
-------+----------+-------------------------------------------
     0 | D:1      | warriortoast the Spriggan Enchanter began the quest for the
                  | Orb.
     0 | D:1      | Reached XP level 1. HP: 9/9 MP: 5/5
   104 | D:1      | Reached XP level 2. HP: 10/13 MP: 6/6
   223 | D:1      | Learned a level 2 spell: Ensorcelled Hibernation
   575 | D:1      | Reached XP level 3. HP: 16/16 MP: 4/8
   579 | D:1      | Learned a level 3 spell: Confusing Touch
   583 | D:1      | Learned a level 3 spell: Tukima's Dance
   604 | D:1      | Found Ehaalise's Magic Scroll Emporium.
   645 | D:1      | Reached skill level 5 in Stealth
   933 | D:2      | Found a faded altar of an unknown god.
  2091 | D:3      | Noticed Sigmund
  2101 | D:3      | Killed Sigmund
  2102 | D:3      | Reached skill level 6 in Stealth
  2102 | D:3      | Reached XP level 4. HP: 21/21 MP: 7/11
  2102 | D:3      | Reached XP level 5. HP: 24/24 MP: 7/12
  2336 | D:3      | Noticed Terence
  2403 | D:3      | Killed Terence
  2765 | D:4      | Noticed a phantom
  2841 | D:4      | Killed a phantom
  2842 | D:4      | Reached skill level 5 in Hexes
  2842 | D:4      | Reached XP level 6. HP: 10/28 MP: 10/13
  3370 | D:4      | Found an opulent altar of Gozag.
  3391 | D:4      | Noticed a wyvern
  3658 | D:4      | Noticed an ice beast
  3686 | D:4      | Killed an ice beast
  4035 | D:4      | Killed a wyvern
  4036 | D:4      | Reached skill level 5 in Dodging
  4036 | D:4      | Reached skill level 7 in Stealth
  4036 | D:4      | Reached skill level 5 in Spellcasting
  4036 | D:4      | Reached XP level 7. HP: 27/32 MP: 15/15
  4137 | D:4      | Found Punasior's Weapon Emporium.
  4343 | D:5      | Entered Level 5 of the Dungeon
  4361 | D:5      | Found a broken altar of Ashenzari.
  4665 | D:5      | Reached XP level 8. HP: 36/36 MP: 17/17
  4741 | D:5      | Found a stormy altar of Qazlal.
  4791 | D:5      | Noticed Ijyb
  4795 | D:5      | Reached skill level 8 in Stealth
  4799 | D:5      | Killed Ijyb
  5151 | D:6      | Shot with an arrow by a centaur

Illustrated notes

Levels and vault maps discovered:
D:1:      dpeg_arrival_pond, layout_rooms, serial_shops, shop, serial_forest,
          infiniplex_forest_lined_2, infiniplex_forest_straight_2,
          infiniplex_forest_corner_2, infiniplex_forest_lined_room_2,
          infiniplex_forest_lined_room_3, infiniplex_forest_lined_1
D:2:      layout_basic, chequers_ecumenical_altar_island
D:3:      layout_basic, uniq_terence, uniq_sigmund
D:4:      layout_cave_pools, nicolae_gozag_cash_rules_everything_around_me,
          serial_shops, shop
D:5:      layout_basic, nicolae_qazlal_scattered_showers,
          mainiacjoe_overflow_concentric_impassable, dk_noncrumbling_4,
          hangedman_decor_growths, serial_bayou_pond_a, uniq_ijyb
D:6:      wad_pebble_path, layout_basic, mainiacjoe_overflow_tiny_flanked,
          old_standard_altar, ebering_ghost_sewer_f, serial_shops, shop,
          nicolae_take_the_stairs, shop, nicolae_shop_behind_doors, shop,
          uniq_blork_the_orc, uniq_edmund

Skill      XL: |  1  2  3  4  5  6  7  8 |
---------------+-------------------------+-----
Dodging        | 3 4 5 6 |  6.3
Spellcasting   | 3 4 5 |  5.9
Hexes          | 4 5 6 |  6.4
Stealth        | 6 7 8 |  8.3
Short Blades   | 2 3 4 |  4.8

Action                   |  1- 3 |  4- 6 |  7- 9 || total
-------------------------+-------+-------+-------++-------
Melee: Dagger            |    73 |    70 |    40 ||   183
       Punch             |       |     1 |     1 ||     2
 Fire: Sling             |    13 |    14 |       ||    27
 Cast: Ensorcelled Hiber |    24 |    22 |    12 ||    58
       Confusing Touch   |       |     5 |     2 ||     7
Evoke: Wand              |       |     2 |       ||     2
 Stab: Sleeping          |    22 |    13 |    14 ||    49
       Distracted        |     1 |       |       ||     1
       Confused          |       |     5 |     2 ||     7
       Paralysed         |       |     1 |       ||     1
Armor: Robe              |     7 |    11 |     2 ||    20
Dodge: Dodged            |    61 |    78 |    17 ||   156
